 Dungeon Crawl Stone Soup version 0.24-a0-639-gb70a11d811 (webtiles) character file.

Game seed: 3803402137942578673, levelgen mode: deterministic

1520 Kohma the Spear-Bearer (level 8, -14/56 HPs)
             Began as a Merfolk Gladiator on Sept 22, 2019.
             Was an Initiate of Qazlal.
             Demolished by a red ugly thing (15 damage)
             ... on level 6 of the Dungeon.
             The game lasted 00:20:53 (6833 turns).

Kohma the Spear-Bearer (Merfolk Gladiator)          Turns: 6833, Time: 00:20:54

Health: -14/56     AC:  8    Str: 21    XL:     8   Next: 84%
Magic:  8/8        EV: 17    Int:  7    God:    Qazlal [......]
Gold:   91         SH:  0    Dex: 16    Spells: 5/7 levels left

rFire    . . .     SeeInvis .   a - +0 trident
rCold    . . .     Gourm    .   (no shield)
rNeg     . . .     Faith    .   m - +0 ring mail
rPois    .         Spirit   .   u - +2 helmet
rElec    .         Reflect  .   (no cloak)
rCorr    .         Harm     .   (no gloves)
MR       .....                  (no boots)
Stlth    +.........             (no amulet)
HPRegen  0.18/turn              (no ring)
MPRegen  0.11/turn              (no ring)

@: mighty
A: change form in water, swift swim, stealthy swim
a: Renounce Religion


You were on level 6 of the Dungeon.
You worshipped Qazlal.
Qazlal was noncommittal.
You were near starving.

You visited 2 branches of the dungeon, and saw 7 of its levels.
You also visited: Sewer and Ossuary.

You collected 325 gold pieces.
You spent 234 gold pieces at shops.

Inventory:

Hand Weapons
 a - a +0 trident (weapon)
 F - a +0 halberd
Missiles
 v - 10 silver boomerangs
 D - 3 throwing nets (quivered)
Armour
 b - a +0 leather armour
 m - a +0 ring mail (worn)
 u - a +2 helmet (worn)
 E - a +1 leather armour of fire resistance
Jewellery
 o - an uncursed ring of poison resistance {unknown}
 A - an uncursed amulet of regeneration {unknown}
Wands
 C - a wand of paralysis (6)
 K - a wand of random effects (9)
Scrolls
 c - 2 scrolls of fog {unknown}
 h - 7 scrolls of teleportation
 j - 2 scrolls of enchant armour {unknown}
 n - 6 scrolls of remove curse {unknown}
 p - a scroll of blinking {unknown}
 q - 2 scrolls of amnesia {unknown}
 r - 7 scrolls of identify {unknown}
 y - a scroll of noise {unknown}
 B - a scroll of fear {unknown}
 H - a scroll of holy word {unknown}
 I - a scroll of magic mapping
 J - a scroll of immolation
Potions
 d - a potion of invisibility {unknown}
 e - 9 potions of curing
 g - 5 potions of heal wounds
 i - 4 potions of magic {unknown}
 k - 5 potions of degeneration {unknown}
 l - 2 potions of ambrosia {unknown}
 s - a potion of brilliance {unknown}
 t - 3 potions of flight {unknown}
 w - 2 potions of mutation {unknown}
 x - a potion of might
 z - 2 potions of agility
 G - a potion of haste {unknown}
Comestibles
 f - 5 rations


   Skills:
 - Level 2.1 Fighting
 * Level 12.8 Polearms
 - Level 2.0 Throwing
 + Level 9.0 Dodging


You had 5 spell levels left.
You knew the following spells:

 Your Spells              Type           Power        Failure   Level  Hunger
a - Blink                 Tloc           N/A          75%         2    ###....

Your spell library contained the following spells:

 Spells                   Type           Power        Failure   Level  Hunger
 Magic Dart               Conj           #...         61%         1    ##.....
 Call Imp                 Summ           #.......     75%         2    ###....
 Slow                     Hex            #.......     75%         2    ###....
 Conjure Flame            Conj/Fire      #.......     93%         3    ####...
 Mephitic Cloud           Conj/Pois/Air  #.......     93%         3    ####...


Dungeon Overview and Level Annotations

Branches:
Dungeon (6/15)             Temple (1/1) D:6           Sewer (visited)
Ossuary (visited)

Altars:
Ashenzari
Dithmenos
Fedhas
Gozag
Hepliaklqana
Kikubaaqudgha
Makhleb
Nemelex Xobeh
Okawaru
Qazlal
Ru
Trog
Uskayaw
Vehumet
Wu Jian
Xom
Yredelemnul
Zin
The Shining One

Shops:
D:5 !


Message History

You barely miss the red ugly thing.
The red ugly thing is lightly wounded.
The red ugly thing claws you.
You are engulfed in flames!!
You hit the red ugly thing but do no damage.
The red ugly thing is lightly wounded.
The red ugly thing claws you but does no damage.
You puncture the red ugly thing!
The red ugly thing is moderately wounded.
You hit the red ugly thing but do no damage.
The red ugly thing is moderately wounded.
The red ugly thing claws you.
You are engulfed in flames!
* * * LOW HITPOINT WARNING * * *
You barely miss the red ugly thing.
The red ugly thing is moderately wounded.
The red ugly thing claws you but does no damage.
You feel very mighty all of a sudden. The red ugly thing claws you!
* * * LOW HITPOINT WARNING * * *
You are engulfed in flames!
You die...

# ##.#.# #...# ###.#
#.###### #.....<#
##########################
.................#
################u# #@# ###


You could see a red ugly thing.

Vanquished Creatures
  A troll (D:6)
  Sigmund (D:3)
  An ogre (D:3)
  3 big kobolds (Sewer)
  6 centaur zombies (Ossuary)
  3 jellies
  An orc priest (D:6)
  2 hounds
  Jessica (D:1)
  Terence (D:2)
  An orc wizard (D:3)
  A worker ant (D:5)
  A big kobold zombie (Ossuary)
  A hound zombie (D:5)
  6 mummies
  Robin (D:2)
  10 adders
  A river rat (Sewer)
  A shadow imp (D:5)
  3 oozes
  An adder skeleton (D:6)
  5 worms
  A dart slug (D:1)
  2 leopard geckos
  13 orcs
  6 giant cockroaches
  23 goblins
  13 hobgoblins
  13 kobolds
  2 quokkas
  7 ball pythons
  9 bats
  5 frilled lizards
  3 hobgoblin zombies
  A kobold zombie (D:6)
  A quokka zombie (D:5)
  8 rats
159 creatures vanquished.

Notes
Turn   | Place    | Note
-------+----------+-------------------------------------------
     0 | D:1      | Kohma the Merfolk Gladiator began the quest for the Orb.
     0 | D:1      | Reached XP level 1. HP: 16/16 MP: 1/1
    96 | D:1      | Reached XP level 2. HP: 21/22 MP: 2/2
   102 | D:1      | Reached skill level 5 in Polearms
   728 | D:2      | Noticed Jessica
   738 | D:2      | Reached XP level 3. HP: 27/27 MP: 3/3
   747 | D:1      | Killed Jessica
   747 | D:1      | Reached skill level 6 in Polearms
  1139 | D:2      | Reached XP level 4. HP: 24/33 MP: 4/4
  1178 | D:2      | Reached skill level 5 in Dodging
  1295 | D:2      | Noticed Terence
  1314 | D:2      | Killed Terence
  1399 | D:2      | Noticed Robin
  1412 | D:2      | Killed Robin
  1412 | D:2      | Reached skill level 7 in Polearms
  1412 | D:2      | Reached XP level 5. HP: 31/38 MP: 5/5
  2620 | D:3      | Found a faded altar of an unknown god.
  2678 | D:3      | Found a blossoming altar of Fedhas.
  2754 | D:3      | Noticed Sigmund
  2818 | D:3      | Killed Sigmund
  2818 | D:3      | Reached skill level 9 in Polearms
  2818 | D:3      | Reached XP level 6. HP: 30/44 MP: 6/6
  2983 | D:3      | Learned a level 2 spell: Blink
  3264 | D:3      | Reached XP level 7. HP: 50/50 MP: 7/7
  3543 | D:4      | Found a glowing drain.
  3554 | Sewer    | Entered a sewer
  3607 | Sewer    | Reached skill level 10 in Polearms
  4023 | D:5      | Entered Level 5 of the Dungeon
  4206 | D:5      | Found Nomolots's Distillery.
  4218 | D:5      | Bought a potion of curing for 39 gold pieces
  4218 | D:5      | Bought a potion of curing for 39 gold pieces
  4218 | D:5      | Bought a potion of curing for 39 gold pieces
  4218 | D:5      | Bought a potion of heal wounds for 65 gold pieces
  4218 | D:5      | Bought a potion of agility for 52 gold pieces
  4353 | D:5      | Reached skill level 11 in Polearms
  4353 | D:5      | Reached XP level 8. HP: 56/56 MP: 8/8
  4947 | D:6      | Found a sand-covered staircase.
  4999 | Ossuary  | Entered an ossuary
  5624 | D:6      | Found a staircase to the Ecumenical Temple.
  5638 | Temple   | Entered the Ecumenical Temple
  5743 | Temple   | Became a worshipper of Qazlal Stormbringer
  5873 | D:6      | Reached skill level 12 in Polearms
  6467 | D:6      | Found an ancient bone altar of Kikubaaqudgha.
  6468 | D:6      | Noticed a troll
  6480 | D:6      | HP: 2/56 [troll (10)]
  6482 | D:6      | Killed a troll
  6785 | D:6      | Found an opulent altar of Gozag.
  6785 | D:6      | Noticed a red ugly thing
  6833 | D:6      | HP: 1/56 [red ugly thing (11)]
  6833 | D:6      | Demolished by a red ugly thing

Levels and vault maps discovered:
D:1:      tarquinn_simple_flora_water_f, layout_loops_ring
D:2:      minmay_diamond_boxcup, layout_basic, uniq_terence, uniq_robin,
          uniq_jessica
D:3:      layout_loops_corners, first_ration,
          chequers_ecumenical_altar_simple_redux, minivault_26, fedhas_altar_2,
          uniq_sigmund
D:4:      layout_loops_corners, grunt_temple_overflow_open,
          hellmonk_ghost_happy_afterlife, portal_sewer_entry_d, uniq_ijyb
D:5:      minmay_recursive_quarters, layout_loops_corners, serial_shops,
          nicolae_shop_temple_entry_statues_fountains, minmay_misc_feat_ornament
D:6:      layout_basic, minmay_temple_entry_tees, nicolae_ossuary_entry_giza,
          hangedman_feature_mirror
Temple:   dpeg_five_rooms_temple

Skill      XL: |  1  2  3  4  5  6  7  8 |
---------------+-------------------------+-----
Polearms       | 5 6 7 9 11 12 | 12.8
Dodging        | 5 6 7 9 |  9.0
Fighting       | |  2.1
Throwing       | |  2.0

Action                   |  1- 3 |  4- 6 |  7- 9 || total
-------------------------+-------+-------+-------++-------
Melee: Trident           |   110 |   289 |   321 ||   720
       Tailslap          |       |       |     4 ||     4
Throw: Throwing net      |       |     4 |       ||     4
  Use: Scroll            |       |       |     3 ||     3
       Potion            |       |       |     3 ||     3
 Stab: Held in net/web   |       |     1 |       ||     1
  Eat: Chunk             |     1 |     7 |     6 ||    14
       Ration            |       |       |     1 ||     1
Armor: Leather armour    |     6 |       |       ||     6
       Ring mail         |    13 |    81 |    65 ||   159
Dodge: Dodged            |    66 |   169 |   188 ||   423

Table legend:
 A = Non-vault XP
 B = Vault XP
 C = Vault XP percentage of total XP
 D = Non-vault monster count
 E = Vault monster count
 F = Vault count percentage of total count
                 A         B        C        D         E       F
            +---------+---------+-------+---------+---------+-------
      Total |     707 |    1465 |  67.4 |      93 |      66 |  41.5
            +---------+---------+-------+---------+---------+-------
        D:1 |      35 |      37 |  51.4 |      19 |       1 |   5.0
        D:2 |      99 |     103 |  51.0 |      28 |      22 |  44.0
        D:3 |     224 |     223 |  49.9 |      30 |       1 |   3.2
        D:4 |      39 |      13 |  25.0 |       1 |       1 |  50.0
        D:5 |     122 |       9 |   6.9 |       6 |       4 |  40.0
        D:6 |     188 |     316 |  62.7 |       9 |       4 |  30.8
      Sewer |       0 |     373 | 100.0 |       0 |      19 | 100.0
    Ossuary |       0 |     391 | 100.0 |       0 |      14 | 100.0
            +---------+---------+-------+---------+---------+-------
